 Dungeon Crawl Stone Soup version 0.30-a0-1113-ga8025317a9 (webtiles) character file.

Game seed: 15601808440530053291

63 yolohusi the Firebug (level 3, 27/27 HPs)
             Began as a Draconian Fire Elementalist on Apr 20, 2023.
             Quit the game on level 3 of the Dungeon on Oct 20, 2023.
             The game lasted 00:28:09 (4007 turns).

yolohusi the Firebug (Draconian Fire Elementalist)  Turns: 4007, Time: 00:28:10

Health: 27/27      AC:  7    Str: 10    XL:     3   Next: 87%
Magic:  6/6        EV: 12    Int: 17    God:
Gold:   119        SH:  0    Dex: 17    Spells: 6/7 levels left

rFire   . . .      SeeInvis .    b - +0 short sword
rCold   . . .      Faith    .    (no shield)
rNeg    . . .      Spirit   .    (body armour unavailable)
rPois   .          Reflect  .    (helmet restricted)
rElec   .          Rampage  .    (no cloak)
rCorr   .                        (no gloves)
Will    .....                    e - +1 pair of boots
Stlth   ++                       (no amulet)
HPRegen 0.24/turn                c - +6 ring of dexterity
MPRegen 0.10/turn                (no ring)

@: hasted, very quick
A: AC +5, unfitting armour, cold-blooded, low MP 1, inability to drink after
injury 1
a: no special abilities


You were on level 3 of the Dungeon.
You visited 1 branch of the dungeon, and saw 3 of its levels.

You collected 119 gold pieces.

Inventory:

Hand Weapons
 b - a +0 short sword (weapon)
Armour
 e - a +1 pair of boots (worn)
 g - a +3 leather armour
Jewellery
 c - a +6 ring of dexterity (left hand)
Scrolls
 i - a scroll of identify
Potions
 a - 2 potions of magic


   Skills:
 + Level 0.5 Fighting
 + Level 0.3 Short Blades
 + Level 2.0 Dodging
 + Level 2.4 Stealth
 + Level 2.5 Spellcasting
 + Level 1.1 Conjurations
 + Level 3.6 Fire Magic


You had 6 spell levels left.
You knew the following spells:

 Your Spells              Type           Power      Damage    Failure   Level
a - Foxfire               Conj/Fire      40%        2x1d6     7%          1

Your spell library contained the following spells:

 Spells                   Type           Power      Damage    Failure   Level
 Scorch                   Fire           28%        2d6       6%          2
 Inner Flame              Hex/Fire       8%         N/A       26%         3
 Volatile Blastmotes      Fire/Tloc      16%        2d11      26%         3
 Gell's Gravitas          Tloc           2%         N/A       50%         3
 Teleport Other           Tloc           2%         N/A       50%         3
 Flame Wave               Conj/Fire      10%        2d6       56%         4
 Dispersal                Tloc           1%         N/A       100%        6


Dungeon Overview and Level Annotations

Branches:
Dungeon (3/15)

Altars:

Shops:
D:3 :


Innate Abilities, Weirdness & Mutations

Your plain brown scales are hard. (AC +5)
You cannot fit into any form of body armour.
You are cold-blooded and may be slowed by cold attacks.
Your magical capacity is low. (-10% MP)
You occasionally lose the ability to drink potions when taking damage.


Message History

It was a potion of heal wounds.
You feel much better.
It was a potion of mutation.
You feel extremely strange.
You feel less energetic.
You occasionally lose the ability to drink potions when taking damage.
You start waiting.
Done waiting.
You start waiting.
Done waiting.
It was a potion of lignification.
You turn into a tree.
Your +1 pair of boots melds into your body.
Your roots penetrate the ground.
You cannot move.
You cannot move.
You cannot move.
You cannot move.
You cannot move.
You cannot move.
You cannot move.
You cannot move.
You cannot move.
You cannot move.
You cannot move.
You start resting.
Your transformation is almost over.
HP restored.
You feel less wooden.
Your +1 pair of boots unmelds from your body.
It was a potion of haste.
You feel yourself speed up.
There is a stone staircase leading down here.
You climb downwards.
Found 13 gold pieces.
There is a stone staircase leading up here.
Found Huakhla's Book Shop.
Found a stone staircase leading down.
You now have 119 gold pieces (gained 13).
There is an entrance to Huakhla's Book Shop here.
Welcome back, yolohusi the Draconian Fire Elementalist.
Press ? for a list of commands and other information.
Unknown command.
Unknown command.
Are you sure you want to abandon this character and quit the game? (Confirm with "yes".)

#.# #.# #####.#
#.....# #...#.#
#>#.#.# # #.#.#.#
#. #.#.#@#
##..###.....##.
..................
.#.........###.###
######.#.......#
#.#......
#<........
###.#####. ..#


There were no monsters in sight!

Vanquished Creatures
  A gnoll (D:2)
  2 dart slugs (D:2)
  3 ball pythons
  4 bats
  3 endoplasms
  3 giant cockroaches
  4 goblins
  4 hobgoblins
  A jackal (D:2)
  7 kobolds
  4 quokkas
  A frilled lizard (D:2)
  9 rats
46 creatures vanquished.

Vanquished Creatures (others)
  75 foxfires
  4 plants
79 creatures vanquished.

Grand Total: 125 creatures vanquished

Notes
Turn   | Place    | Note
-------+----------+-------------------------------------------
     0 | D:1      | yolohusi the Draconian Fire Elementalist began the quest
                  | for the Orb.
     0 | D:1      | Reached XP level 1. HP: 14/14 MP: 3/3
  1411 | D:1      | Reached XP level 2. HP: 20/20 MP: 1/5
  2142 | D:1      | You fall into a shaft and drop 1 floor!
  2305 | D:2      | Reached XP level 3. HP: 23/26 MP: 6/6
  3762 | D:2      | Gained mutation: Your magical capacity is low. (-10% MP)
                  | [potion of mutation]
  3762 | D:2      | Gained mutation: You occasionally lose the ability to drink
                  | potions when taking damage. [potion of mutation]
  3996 | D:3      | Found Huakhla's Book Shop.
  4007 | D:3      | Quit the game

Illustrated notes

Levels and vault maps discovered:
D:1:      lemuel_arrival_room, layout_loops_cross, minmay_misc_feat_rugged,
          serial_park_tiny_pond, chequers_serial_rivers_large_a,
          serial_bayou_crossing
D:2:      layout_basic, grunt_ministairs_13, minmay_door_square,
          roderic_serpentine_path, serial_bayou_pond_e, st_stairs_10,
          minmay_pentomino_x4
D:3:      layout_loops_ring, serial_shops, shop, minmay_gold_behind_fungi,
          serial_park_tiny_pond, hangedman_decor_points, uniq_crazy_yiuf_cottage

Skill      XL: |  1  2 |
---------------+-------+-----
Stealth        | 2 |  2.4
Dodging        | 2 |  2.0
Fighting       | |  0.5
Short Blades   | |  0.3
Spellcasting   | |  2.5
Conjurations   | |  1.1
Fire Magic     | |  3.6

Action                     || total
---------------------------++-------
  Melee: Short sword       ||    58
         Tailslap          ||    10
   Cast: Foxfire           ||    52
    Use: Scroll            ||     3
         Potion            ||     5
   Stab: Sleeping          ||     6
 Armour: Skin              ||    17
  Dodge: Dodged            ||    41

Table legend: (Time is in decaauts)
 A = Elapsed time spent in this place.
 B = Non-inter-level travel time spent in this place.
 C = Inter-level travel time spent in this place.
 D = Time resting spent in this place.
 E = Time spent auto-exploring this place.
 F = Levels seen in this place.
 G = Mean time per level.
                   A        B        C        D        E       F      G
               +--------+--------+--------+--------+--------+-----+--------+
         Total |   4033 |   2797 |   1236 |   1888 |      0 |   3 | 1344.3 |
       Dungeon |   4033 |   2797 |   1236 |   1888 |      0 |   3 | 1344.3 |
               +--------+--------+--------+--------+--------+-----+--------+

Top non-repeatable levels by time:
     D:1: 2346 daAuts
     D:2: 1678 daAuts
     D:3: 8 daAuts
